 Dungeon Crawl Stone Soup version 0.27.1-34-g3ba077fa99 (webtiles) character file.

Game seed: 15710286858348966854

63 Descartes the Grasshopper (level 3, -7/16 HPs)
             Began as a Felid Warper on Jan 21, 2022.
             Killed from afar by an orc wizard (8 damage)
             ... with a magic dart
             ... on level 2 of the Dungeon.
             The game lasted 00:03:32 (2763 turns).

Descartes the Grasshopper (Felid Warper)            Turns: 2763, Time: 00:03:33

Health: -7/16      AC:  1    Str:  8    XL:     3   Next: 87%
Magic:  7/7        EV: 18    Int: 14    God:
Gold:   62         SH:  0    Dex: 15    Spells: 4/6 levels left
                                        Lives:  0   Deaths: 0

rFire    . . .     SeeInvis +     - Unarmed
rCold    . . .     Faith    .   (shield unavailable)
rNeg     . . .     Spirit   .   (armour unavailable)
rPois    .         Reflect  .   (helmet unavailable)
rElec    .         Harm     .   (cloak unavailable)
rCorr    .         Rampage  .   (gloves unavailable)
Will     .....                  (boots unavailable)
Stlth    ++........             (no amulet)
HPRegen  0.05/turn              (no ring)
MPRegen  0.10/turn              (no ring)

@: quick
A: very small, claws 1, fangs 3, see invisible, speed 1, shaggy fur 1, stealthy
paws, no weapons or thrown items, no armour, multi-lived
a: no special abilities


You were on level 2 of the Dungeon.
You visited 1 branch of the dungeon, and saw 3 of its levels.

You collected 62 gold pieces.

Inventory:

Missiles
 f - 15 stones
Scrolls
 a - a scroll of blinking
 d - 2 scrolls of noise {unknown}
 h - a scroll of amnesia {unknown}
 i - a scroll of teleportation {unknown}
Potions
 b - a potion of brilliance {unknown}
 c - a potion of curing {unknown}
 e - a potion of berserk rage {unknown}
 g - a potion of mutation {unknown}


   Skills:
 - Level 2.0 Fighting
 + Level 4.1 Dodging
 + Level 2.5 Stealth
 + Level 2.8 Unarmed Combat
 - Level 2.0 Spellcasting
 + Level 4.8 Translocations


You had 4 spell levels left.
You knew the following spells:

 Your Spells              Type           Power      Damage    Failure   Level
b - Blink                 Tloc           N/A        N/A       4%          2

Your spell library contained the following spells:

 Spells                   Type           Power      Damage    Failure   Level
 Gell's Gravitas          Tloc           7%         N/A       10%         3
 Lesser Beckoning         Tloc           7%         N/A       10%         3
 Teleport Other           Tloc           15%        N/A       10%         3
 Manifold Assault         Tloc           15%        N/A       65%         5


Dungeon Overview and Level Annotations

Branches:
Dungeon (3/15)

Altars:


Innate Abilities, Weirdness & Mutations

You have sharp claws.
You have razor-sharp teeth.
You have supernaturally acute eyesight. (SInv)
You cover ground quickly. (Speed+)
You are covered in fur. (AC +1)
Your paws help you pounce on unaware monsters.
You are incapable of wielding weapons or throwing items.
You cannot wear armour.
You gain extra lives every three experience levels.


Message History

A hobgoblin comes into view.
The hobgoblin hits you.
* * * LOW HITPOINT WARNING * * *
The orc priest looks braver for a moment.
There is a stone staircase leading up here.
The orc wizard casts a spell.
The orc wizard flickers and vanishes for a moment.
The hobgoblin misses you. The endoplasm freezes you.
You are frozen.
* * * LOW HITPOINT WARNING * * *
You climb upwards.
There is a stone staircase leading down here.
There is a stone staircase leading up here.
Sorry, you're not good enough to have a special ability.
You climb upwards.
There is a stone staircase leading down here.
HP restored.
Done exploring.
As you open the door, it creaks loudly!
There is an open door here.
There is an open door here.
There is a stone staircase leading down here.
You climb downwards.
There is a stone staircase leading up here.
Done exploring.
There is a stone staircase leading down here.
You climb downwards.
The orc priest calls down the wrath of Beogh upon you.
Beogh smites you!
Ouch! That really hurt!
* * * LOW HITPOINT WARNING * * *
There is a stone staircase leading up here.
The orc wizard misses you. The orc completely misses you.
You climb upwards.
There is a stone staircase leading down here.
The orc wizard casts a spell at you. The magic dart hits you!
Ouch! That really hurt!
You die...

.........######...........#.##...
[........# #...........#.##...
.........######...........#.##...
.........#.............####'##...
.........#.......................
.........#.......................
.........#......................#
##########......................#
#......@o...........)..#
#.......>..............#
#........o..##.........#
###.....###...##..........
#.......###...##..........
#....###.................. #....#
#..........##.####. #....#
#..........##.# #. #....#
#..........##.# #.


You could see an orc wizard and an orc.

Vanquished Creatures
  A gnoll (D:1)
  An adder (D:2)
  2 dart slugs (D:1)
  An orc (D:3)
  4 ball pythons
  5 bats
  2 endoplasms (D:2)
  3 giant cockroaches (D:2)
  3 goblins
  3 jackals (D:2)
  5 kobolds
  A quokka (D:2)
  3 frilled lizards
  3 rats
37 creatures vanquished.

Notes
Turn   | Place    | Note
-------+----------+-------------------------------------------
     0 | D:1      | Descartes the Felid Warper began the quest for the Orb.
     0 | D:1      | Reached XP level 1. HP: 9/9 MP: 4/4
   211 | D:1      | Reached skill level 1 in Stealth
   294 | D:1      | Reached XP level 2. HP: 13/13 MP: 6/6
   786 | D:1      | Learned a level 2 spell: Blink
  1368 | D:1      | Reached XP level 3. HP: 16/16 MP: 7/7
  2763 | D:2      | Killed from afar by an orc wizard

Illustrated notes

Levels and vault maps discovered:
D:1:      minmay_arrival_jagged, layout_basic, nrook_mini_vaults
D:2:      layout_basic
D:3:      layout_loops_cross, minmay_misc_feat_more_columns, uniq_robin,
          uniq_terence, uniq_grinder, uniq_crazy_yiuf_cottage

Skill      XL: |  1  2  3 |
---------------+----------+-----
Stealth        | 1 2 |  2.5
Dodging        | 4 |  4.1
Fighting       | |  2.0
Unarmed Combat | |  2.8
Spellcasting   | |  2.0
Translocations | |  4.8

Action                   || total
-------------------------++-------
Melee: Unarmed           ||   103
       Bite              ||    10
       Punch             ||     2
 Stab: Sleeping          ||     4
Armor: Skin              ||     4
Dodge: Dodged            ||    92
